 Dungeon Crawl Stone Soup version 0.23.1-37-gaa34b87b72 (webtiles) character file.

Game seed: 8510317207928702129

2454 Freyura the Grappler (level 9, -8/89 HPs)
             Began as a Troll Fighter on Mar 21, 2019.
             Was a Priest of Ru.
             Blown up by Maurice (18 damage)
             ... with a wand of disintegration (4)
             ... on level 8 of the Dungeon.
             The game lasted 00:22:43 (5676 turns).

Freyura the Grappler (Troll Fighter)                Turns: 5676, Time: 00:22:44

Health: -8/89      AC:  6    Str: 31    XL:     9   Next: 25%
Magic:  8/8        EV:  8    Int:  4    God:    Ru [***...]
Gold:   0          SH: 14    Dex: 12    Spells: 8/8 levels left

rFire    . . .     SeeInvis .     - Unarmed
rCold    . . .     Gourm    +   b - +1 shield
rNeg     . . .     Faith    .   a - +0 robe
rPois    .         Spirit   .   (helmet restricted)
rElec    .         Reflect  +   (no cloak)
rCorr    .         Harm     .   (gloves unavailable)
MR       .....                  (boots unavailable)
Stlth    ++........             l - +3 amulet of reflection
HPRegen  0.64/turn              (no ring)
MPRegen  0.11/turn              w - ring of stealth

@: mighty, lethally poisoned (-8 -> -11), drained
A: large, unfitting armour, claws 3, fast metabolism 3, gourmand, regeneration
1, shaggy fur 1, tough skin 3, inability to use devices, no ice magic, no
necromancy magic, no summoning magic
a: Draw Out Power, Renounce Religion


You were on level 8 of the Dungeon.
You worshipped Ru.
Ru was most pleased with you.
You were very full.

You visited 2 branches of the dungeon, and saw 9 of its levels.

Inventory:

Armour
 a - a +0 robe (worn)
 b - a +1 shield (worn)
Jewellery
 h - an uncursed ring of magical power
 l - a +3 amulet of reflection (around neck)
 w - a ring of stealth (right claw)
Wands
 t - a wand of polymorph (5)
Scrolls
 e - 2 scrolls of teleportation
 f - a scroll of fog
 g - 8 scrolls of remove curse
 m - 2 scrolls of magic mapping
 o - 2 scrolls of blinking
 r - 2 scrolls of identify
 y - a scroll of enchant weapon
Potions
 c - 4 potions of heal wounds
 i - 4 potions of flight
 j - a potion of invisibility {unknown}
 k - 2 potions of lignification {unknown}
 n - a potion of magic {unknown}
 p - a potion of might
 q - a potion of berserk rage {unknown}
 s - a potion of brilliance {unknown}
 u - 2 potions of resistance {unknown}
 x - 2 potions of degeneration {unknown}
 z - a potion of curing {unknown}
Comestibles
 d - 17 rations


   Skills:
 + Level 5.7(4.9) Fighting
 - Level 2.4(1.6) Dodging
 + Level 5.7(4.9) Shields
 * Level 9.1(8.2) Unarmed Combat


You had 8 spell levels left.
You didn't know any spells.
Your spell library contained the following spells:

 Spells                   Type           Power        Failure   Level  Hunger
 Summon Small Mammal      Summ           Unusable     N/A         1    N/A
 Call Imp                 Summ           Unusable     N/A         2    N/A
 Call Canine Familiar     Summ           Unusable     N/A         3    N/A
 Summon Guardian Golem    Hex/Summ       Unusable     N/A         3    N/A
 Summon Ice Beast         Ice/Summ       Unusable     N/A         4    N/A
 Summon Lightning Spire   Summ/Air       Unusable     N/A         4    N/A

Dungeon Overview and Level Annotations

Branches:
Dungeon (8/15)             Temple (1/1) D:6
   Lair: D:8-11

Altars:
Ashenzari
Cheibriados
Dithmenos
Elyvilon
Fedhas
Hepliaklqana
Makhleb
Nemelex Xobeh
Okawaru
Qazlal
Ru
Sif Muna
Trog
Uskayaw
Vehumet
Wu Jian
Yredelemnul
Zin
The Shining One

Annotations:
D:8 2 transporters, Acheron's ghost, novice VSWn; Maurice


Innate Abilities, Weirdness & Mutations

You are too large for most types of armour.
You have claws for hands.
Your metabolism is lightning-fast.
You like to eat raw meat.
Your natural rate of healing is unusually fast.
You are covered in fur. (AC +1)
You have extremely tough skin. (AC +3)
You cannot study or use magical devices.
You cannot study or cast Ice magic.
You cannot study or cast Necromancy magic.
You cannot study or cast Summoning magic.


Message History

* * * LOW HITPOINT WARNING * * *
Something steals 269 gold pieces!
You now have 0 gold pieces.
You are more poisoned.
You barely miss something.
You feel sick. Something hits you but does no damage.
You eviscerate something!!!
You feel sick.
You hear some strange, mumbled words.
You barely miss something.
You feel sick. Something hits you.
* * * LOW HITPOINT WARNING * * *
Something grunts, "Curses!"
You hear some strange, mumbled words.
You closely miss something.
You feel sick.
You hear a zap.
You are blasted!
* * * LOW HITPOINT WARNING * * *
You focus your will and blind something in retribution!
You miss something.
You feel sick.
You hear a zap.
You are blasted!
You die...

###### ##....#
#.....## #......##
#.......############
#...#...............
#..@###............<
#.))# ##############
#...# ##8 #...#
8...8 #...# .....
#...# ..... #....
..... #.... 8...8
...... ##8##


There were no monsters in sight!

Vanquished Creatures
  A hornet (D:7)
  Prince Ribbit (D:6)
  A hungry ghost (D:5)
  A black bear (D:8)
  5 sky beasts
  3 bullfrogs
  5 scorpions
  5 wights (D:8)
  The ghost of PentaManta the Poker, a weakling MfGl (D:3)
  A centaur zombie (D:5)
  3 crimson imps
  A bullfrog skeleton (D:8)
  3 hounds
  An orc priest (D:4)
  2 iguanas
  5 orc wizards
  5 worker ants
  5 adders
  2 shadow imps (D:5)
  2 oozes
  An adder skeleton (D:7)
  4 worms
  2 dart slugs
  A leopard gecko (D:3)
  16 orcs
  4 giant cockroaches
  8 goblins
  7 hobgoblins
  2 jackals (D:5)
  2 quokkas
  A ball python (D:3)
  8 bats
  A frilled lizard (D:1)
  9 kobolds
  A leopard gecko zombie (D:5)
  9 rats
129 creatures vanquished.

Vanquished Creatures (others)
  A kobold (D:3)
1 creature vanquished.

Grand Total: 130 creatures vanquished

Notes
Turn   | Place    | Note
-------+----------+-------------------------------------------
     0 | D:1      | Freyura the Troll Fighter began the quest for the Orb.
     0 | D:1      | Reached XP level 1. HP: 22/22 MP: 0/0
   170 | D:1      | Reached XP level 2. HP: 28/29 MP: 0/1
   729 | D:2      | Reached XP level 3. HP: 16/36 MP: 2/2
   745 | D:2      | Reached skill level 3 in Unarmed Combat
  1125 | D:2      | Reached XP level 4. HP: 39/44 MP: 3/3
  1232 | D:3      | Found a deep blue altar of Sif Muna.
  1640 | D:3      | Found a large runed translucent door.
  1640 | D:3      | Found a large runed translucent door.
  1640 | D:3      | Noticed PentaManta's ghost (weakling MfGl)
  1649 | D:3      | Killed PentaManta's ghost
  1649 | D:3      | Reached skill level 4 in Unarmed Combat
  1649 | D:3      | Reached XP level 5. HP: 53/53 MP: 4/4
  1750 | D:3      | Found a sacrificial altar of Ru.
  1750 | D:3      | Found an iron altar of Okawaru.
  1756 | D:3      | Became a worshipper of Ru the Awakened
  1900 | D:3      | Found a shattered altar of Ashenzari.
  2239 | D:4      | Reached XP level 6. HP: 61/61 MP: 5/5
  2547 | D:5      | Entered Level 5 of the Dungeon
  2595 | D:5      | Reached skill level 5 in Unarmed Combat
  2672 | D:5      | Noticed a sky beast
  2682 | D:5      | Killed a sky beast
  2744 | D:5      | Noticed a hungry ghost
  2769 | D:5      | Killed a hungry ghost
  2769 | D:5      | Reached XP level 7. HP: 57/70 MP: 6/6
  2773 | D:5      | Reached skill level 6 in Unarmed Combat
  2856 | D:5      | Gained mutation: You cannot study or use magical devices.
                  | [Ru sacrifice]
  2856 | D:5      | Reached * piety under Ru
  2856 | D:5      | Reached ** piety under Ru
  2921 | D:5      | You fall through a shaft!
  2965 | D:6      | Found a staircase to the Ecumenical Temple.
  2974 | D:6      | Noticed Prince Ribbit
  3034 | D:6      | Killed Prince Ribbit
  3034 | D:6      | Reached skill level 7 in Unarmed Combat
  3034 | D:6      | Reached XP level 8. HP: 12/79 MP: 7/7
  3152 | Temple   | Entered the Ecumenical Temple
  4466 | D:7      | Found a stormy altar of Qazlal.
  4687 | D:7      | You fall through a shaft!
  4696 | D:8      | Reached skill level 5 in Fighting
  4696 | D:8      | Reached skill level 5 in Shields
  4772 | D:8      | Reached skill level 8 in Unarmed Combat
  4797 | D:8      | Found a transporter.
  4800 | D:8      | Noticed Acheron's ghost (novice VSWn)
  4879 | D:7      | Noticed a hornet
  4885 | D:7      | Paralysed by a hornet for 2 turns
  4887 | D:7      | Killed a hornet
  4985 | D:7      | Found a snail-covered altar of Cheibriados.
  5134 | D:8      | Gained mutation: You cannot study or cast Ice magic. [Ru
                  | sacrifice]
  5134 | D:8      | Gained mutation: You cannot study or cast Necromancy magic.
                  | [Ru sacrifice]
  5134 | D:8      | Gained mutation: You cannot study or cast Summoning magic.
                  | [Ru sacrifice]
  5134 | D:8      | Reached *** piety under Ru
  5195 | D:8      | Found a transporter.
  5229 | D:8      | Found a radiant altar of Vehumet.
  5241 | D:8      | Reached XP level 9. HP: 85/88 MP: 8/8
  5607 | D:8      | Found a sparkling altar of Nemelex Xobeh.
  5644 | D:8      | Noticed Maurice
  5659 | D:8      | Reached skill level 9 in Unarmed Combat
  5676 | D:8      | Blown up by Maurice

Skill      XL: |  1  2  3  4  5  6  7  8  9 |
---------------+----------------------------+-----
Unarmed Combat | 3 4 5 7 8 9 |  9.1
Fighting       | 3 4 5 |  5.7
Shields        | 3 4 5 |  5.7
Dodging        | |  2.4

Action                   |  1- 3 |  4- 6 |  7- 9 || total
-------------------------+-------+-------+-------++-------
Melee: Unarmed           |    89 |   133 |   185 ||   407
Invok: Sacrifice Artific |       |       |     1 ||     1
       Sacrifice Arcana  |       |       |     1 ||     1
  Use: Scroll            |     4 |       |     7 ||    11
       Potion            |       |     1 |     1 ||     2
 Stab: Sleeping          |       |       |     5 ||     5
       Distracted        |       |       |     1 ||     1
       Invisible         |       |       |     1 ||     1
  Eat: Chunk             |    11 |    14 |    24 ||    49
       Ration            |       |     2 |     3 ||     5
Armor: Robe              |    17 |    32 |    28 ||    77
Dodge: Dodged            |    19 |    28 |    32 ||    79
Block: Shield            |    47 |    54 |    73 ||   174
       Reflection        |     2 |     2 |       ||     4
